 Dungeon Crawl Stone Soup version 0.20.0-10-g0535bb4 (webtiles) character file.

41 skittles the Firebug (level 3, -4/28 HPs)
             Began as a Draconian Fire Elementalist on June 3, 2017.
             Slain by Grinder (5 damage)
             ... on level 3 of the Dungeon.
             The game lasted 00:06:29 (1403 turns).

skittles the Firebug (Draconian Fire Elementalist)  Turns: 1403, Time: 00:06:30

Health: -4/28      AC:  5    Str: 10    XL:     3   Next: 32%
Magic:  2/6        EV: 12    Int: 16    God:
Gold:   77         SH:  0    Dex: 11    Spells: 2/6 levels left

rFire    . . .     SeeInvis .   c - +0 spear
rCold    . . .     Gourm    .   (no shield)
rNeg     . . .     Faith    .   (armour unavailable)
rPois    .         Spirit   .   (helmet restricted)
rElec    .         Reflect  .   (no cloak)
rCorr    .         Harm     .   (no gloves)
MR       .....                  (no boots)
Stlth    ++........             (no amulet)
Regen    0.1/turn               (no ring)
MPRegen  0.1/turn               (no ring)

@: very slightly contaminated
A: unfitting armour, cold-blooded, AC +5
a: no special abilities


You were on level 3 of the Dungeon.
You were not hungry.

You visited 1 branch of the dungeon, and saw 3 of its levels.

You collected 77 gold pieces.

Inventory:

Hand Weapons
 c - a +0 spear (weapon)
Scrolls
 f - a scroll of recharging {unknown}
 h - a scroll of identify {unknown}
 k - a scroll of fear {unknown}
Potions
 e - a potion of might {unknown}
Books
 a - a book of Flames

   Spells                             Type                      Level
   a - Flame Tongue                   Conjuration/Fire             1
   b - Throw Flame                    Conjuration/Fire             2
   c - Conjure Flame                  Conjuration/Fire             3
   d - Inner Flame                    Hexes/Fire                   3
   e - Sticky Flame                   Conjuration/Fire             4
   f - Fireball                       Conjuration/Fire             5
Comestibles
 b - 2 bread rations
 d - 3 chunks of flesh
 i - 2 meat rations


   Skills:
 + Level 1.2 Fighting
 + Level 2.4 Dodging
 - Level 1.7 Stealth
 - Level 2.0 Spellcasting
 + Level 1.6 Conjurations
 + Level 3.4 Fire Magic


You had 2 spell levels left.
You knew the following spells:

 Your Spells              Type           Power        Failure   Level  Hunger
a - Flame Tongue          Conj/Fire      #....        8%          1    #......
b - Conjure Flame         Conj/Fire      #.......     22%         3    ###....


Dungeon Overview and Level Annotations

Branches:
Dungeon (3/15)

Altars:

Annotations:
D:3 Grinder


Innate Abilities, Weirdness & Mutations

Your plain brown scales are hard. (AC +5)
You cannot fit into any form of body armour.
You are cold-blooded and may be slowed by cold attacks.


Message History

Casting: Flame Tongue
Confirm with . or Enter, or press ? or * to list all spells.
Aiming: Flame Tongue
Press: ? - help, Shift-Dir - straight line, f/p - Grinder
Aim: Grinder (lightly wounded)
The flame tongue hits Grinder.
Grinder is moderately wounded.
Grinder hits you.
* * * LOW HITPOINT WARNING * * *
Casting: Flame Tongue
Confirm with . or Enter, or press ? or * to list all spells.
Aiming: Flame Tongue
Press: ? - help, Shift-Dir - straight line, f/p - Grinder
Aim: Grinder (moderately wounded)
The flame tongue hits Grinder.
Grinder is moderately wounded.
Grinder hits you!
* * * LOW HITPOINT WARNING * * *
You writhe in agony.
You die...

#(#######.#
#.# #.# #.#
#.#######
#.#
#.......#
#.#
#.#######
#.# #.# #.#
#.#
#.#######5##
#.........@#
############


You could see Grinder.

Vanquished Creatures
  2 dart slugs
  An orc (D:2)
  A giant cockroach (D:2)
  6 goblins
  3 hobgoblins
  2 jackals (D:1)
  2 quokkas (D:2)
  7 bats
  5 frilled lizards
  A kobold (D:3)
  6 rats
36 creatures vanquished.

Notes
Turn   | Place    | Note
-------+----------+-------------------------------------------
     0 | D:1      | skittles the Draconian Fire Elementalist began the quest for the Orb.
     0 | D:1      | Reached XP level 1. HP: 14/14 MP: 3/3
   120 | D:1      | Reached XP level 2. HP: 16/20 MP: 5/5
   944 | D:2      | Reached XP level 3. HP: 27/27 MP: 6/6
   949 | D:2      | Learned a level 3 spell: Conjure Flame
   987 | D:2      | Reached skill level 1 in Fighting
  1315 | D:3      | Noticed Grinder
  1394 | D:3      | Paralysed by Grinder for 6 turns
  1403 | D:3      | HP: 1/28 [Grinder (7)]
  1403 | D:3      | Slain by Grinder

Skill      XL: |  1  2  3 |
---------------+----------+-----
Dodging        | 2 |  2.4
Fighting       | 1 |  1.2
Stealth        | |  1.7
Spellcasting   | |  2.0
Conjurations   | |  1.6
Fire Magic     | |  3.4

Action                   || total
-------------------------++-------
Melee: Spear             ||   114
       Tailslap          ||    12
 Cast: Flame Tongue      ||     8
  Use: Scroll            ||     1
 Stab: Sleeping          ||     3
  Eat: Chunk             ||     2
Armor: Skin              ||    22
Dodge: Dodged            ||    56
